 Dungeon Crawl Stone Soup version 0.30.1-1-g62c8e00024 (webtiles) character file.

Game seed: 4500818470014907481

66 spardeous the Digger (level 3, -2/26 HPs)
             Began as a Demigod Earth Elementalist on July 18, 2023.
             Slain by an orc
             ... wielding a +0 morningstar
              (9 damage)
             ... on level 2 of the Dungeon.
             The game lasted 00:02:21 (1791 turns).

spardeous the Digger (Demigod Earth Elementalist)   Turns: 1791, Time: 00:02:23

Health: -2/26      AC:  2    Str:  9    XL:     3   Next: 69%
Magic:  0/8        EV: 11    Int: 21    God:
Gold:   127        SH:  3    Dex: 14    Spells: 4/5 levels left

rFire   . . .        (no weapon)
rCold   . . .        e - +0 buckler
rNeg    . . .        a - +0 robe
rPois   .            (no helmet)
rElec   .            (no cloak)
rCorr   .            (no gloves)
SInv    .            (no boots)
Will    .....        (no amulet)
Stlth   ++           (no ring)
HPRegen 0.24/turn    (no ring)
MPRegen 0.11/turn

%: no passive effects
@: attractive
A: high MP 1, forlorn, divine attributes
a: no special abilities


You were on level 2 of the Dungeon.
You visited 1 branch of the dungeon, and saw 2 of its levels.

You collected 127 gold pieces.

Inventory:

Armour
 a - a +0 robe (worn)
 e - a +0 buckler (worn)
Scrolls
 d - a scroll of silence {unknown}
 g - a scroll of teleportation {unknown}
Potions
 b - a potion of magic


   Skills:
 - Level 1.7 Dodging
 - Level 1.7 Stealth
 - Level 1.7 Spellcasting
 - Level 0.8 Transmutations
 + Level 4.4 Earth Magic


You had 4 spell levels left.
You knew the following spells:

 Your Spells              Type           Power      Damage    Failure   Level
a - Sandblast             Erth           40%        2d10      3%          1

Your spell library contained the following spells:

 Spells                   Type           Power      Damage    Failure   Level
 Passwall                 Tmut/Erth      10%        N/A       12%         2
 Stone Arrow              Conj/Erth      22%        3d8       28%         3
 Petrify                  Tmut/Erth      13%        N/A       61%         4


Dungeon Overview and Level Annotations

Branches:
Dungeon (2/15)

Annotations:
D:1 1 transporter


Innate Abilities, Weirdness & Mutations

You have an increased reservoir of magic. (+10% MP)
You shall have no god before yourself.
Your divine heritage dramatically boosts your attributes as you level up.


Message History

Unknown command.
The orc attacks as you move away! The orc hits you with a +0 dagger.
* * * LOW HITPOINT WARNING * * *
Casting: Sandblast (safe; 3% risk of failure)
Confirm with . or Enter, or press ? or * to list all spells.
Aiming: Sandblast (safe; 3% risk of failure)
Press: ? - help, Shift-Dir - straight line, f/p - orc
Aim: an orc, wielding a +0 dagger and wearing a +0 leather armour (lightly wounded, 83% to hit)
The blast of sand hits the orc.
You kill the orc!
The orc hits you with a +0 morningstar.
* * * LOW HITPOINT WARNING * * *
It was a potion of attraction.
You feel attractive to monsters. The orc misses you.
It was a potion of curing.
You feel better. You block the orc's attack.
Casting: Sandblast (safe; 3% risk of failure)
Confirm with . or Enter, or press ? or * to list all spells.
You don't have enough magic to cast this spell.
Unknown command.
The orc attacks as you move away! The orc closely misses you.
Sorry, you're not good enough to have a special ability.
Unknown command.
Casting: Sandblast (safe; 3% risk of failure)
Confirm with . or Enter, or press ? or * to list all spells.
Aiming: Sandblast (safe; 3% risk of failure)
Press: ? - help, Shift-Dir - straight line, f - orc
Aim: an orc, wielding a +0 morningstar and wearing a +0 leather armour (83% to hit)
The blast of sand misses the orc.
The orc hits you but does no damage. The orc attacks as you move away!
The orc closely misses you. The orc attacks as you move away!
The orc hits you with a +0 morningstar.
* * * LOW HITPOINT WARNING * * *
Casting: Sandblast (safe; 3% risk of failure)
Confirm with . or Enter, or press ? or * to list all spells.
Aiming: Sandblast (safe; 3% risk of failure)
Press: ? - help, Shift-Dir - straight line, f/p - orc
Aim: an orc, wielding a +0 morningstar and wearing a +0 leather armour (83% to hit)
The blast of sand hits the orc but does no damage.
The orc hits you with a +0 morningstar!
You die...

## #....#####.#####..###... .
.#
#.........................<
.#
#......##.....##......##.##
.######......##.###..#......#
..
.....######.....####.#......#
#.
####.....#...(...###........#
#####.#.##.##............#
#.........####.......#
###.....o@...........#
######..###.##.#.........#
####.......# #.##.#.#####..##
....##.##### #.##.....####..#
..)###.# #..###.#....####
#..###.# ##.##..####.#
...##..# #....## #.########
....#.## ##..## #........#
.....)# #..# ######...#


You could see an orc.

Vanquished Creatures
  An orc wizard (D:2)
  An adder (D:2)
  A dart slug (D:1)
  3 orcs (D:2)
  2 bats (D:1)
  2 endoplasms
  A giant cockroach (D:1)
  3 hobgoblins
  2 jackals (D:2)
  4 kobolds
  A quokka (D:1)
  A frilled lizard (D:1)
  5 rats
27 creatures vanquished.

Notes
Turn   | Place    | Note
-------+----------+-------------------------------------------
     0 | D:1      | spardeous the Demigod Earth Elementalist began the quest
                  | for the Orb.
     0 | D:1      | Reached XP level 1. HP: 14/14 MP: 5/5
    97 | D:1      | Reached skill level 3 in Earth Magic
   416 | D:1      | Reached XP level 2. HP: 20/20 MP: 2/7
  1418 | D:2      | Reached XP level 3. HP: 26/26 MP: 6/8
  1733 | D:2      | Found the +1 Delatra's gloves {ID++}
  1738 | D:2      | Reached skill level 4 in Earth Magic
  1774 | D:2      | HP: 1/26 [orc/+0 morningstar (5)]
  1791 | D:2      | Slain by an orc

Illustrated notes

Levels and vault maps discovered:
D:1:      spicycebolla_arrival_risky_transporter, layout_basic
D:2:      layout_rooms, basic_altar, pf_guarded_unrand_delatra

Skill      XL: |  1  2  3 |
---------------+----------+-----
Earth Magic    | 3 4 |  4.4
Dodging        | |  1.7
Stealth        | |  1.7
Spellcasting   | |  1.7
Transmutations | |  0.8

Action                     || total
---------------------------++-------
  Melee: Unarmed           ||     6
   Cast: Sandblast         ||    43
    Use: Potion            ||     2
 Armour: Robe              ||     4
  Dodge: Dodged            ||    22
  Block: Buckler           ||     5
